 Dungeon Crawl Stone Soup version 0.23.2-30-g0e89c35 (webtiles) character file.

Game seed: 5198275070657768662

439 Fang the Skirmisher (level 7, 0/66 HPs)
             Began as a Gargoyle Berserker on June 12, 2019.
             Was a Priest of Trog.
             Slain by an ogre
             ... wielding a +0 giant spiked club
              (15 damage)
             ... on level 4 of the Dungeon.
             The game lasted 00:04:13 (2854 turns).

Fang the Skirmisher (Gargoyle Berserker)            Turns: 2854, Time: 00:04:13

Health: 0/66       AC: 14    Str: 30    XL:     7   Next: 1%
Magic:  7/7        EV: 10    Int:  8    God:    Trog [***...]
Gold:   157        SH:  0    Dex:  9    Spells: 6/6 levels left

rFire    . . .     SeeInvis +   a - +0 war axe
rCold    . . .     Gourm    .   (no shield)
rNeg     + . .     Faith    .   b - +0 chain mail
rPois    ∞         Spirit   .   (no helmet)
rElec    +         Reflect  .   (no cloak)
rCorr    .         Harm     .   (no gloves)
MR       .....                  (no boots)
Stlth    ..........             (no amulet)
HPRegen  0.21/turn              m - +3 ring of strength
MPRegen  0.10/turn              k - ring of see invisible

@: berserking, very quick
A: negative energy resistance 1, electricity resistance, unbreathing,
petrification resistance, rot immunity, AC +4
a: Berserk, Trog's Hand, Renounce Religion


You were on level 4 of the Dungeon.
You worshipped Trog.
Trog was most pleased with you.
You were very hungry.

You visited 1 branch of the dungeon, and saw 4 of its levels.

You collected 157 gold pieces.

Inventory:

Hand Weapons
 a - a +0 war axe (weapon)
Armour
 b - a +0 chain mail (worn)
Jewellery
 k - a ring of see invisible (right hand)
 m - a +3 ring of strength (left hand)
Wands
 d - a wand of paralysis (11)
 q - a wand of iceblast (4)
Scrolls
 f - 3 scrolls of remove curse {unknown}
 g - 2 scrolls of immolation {unknown}
 j - 2 scrolls of enchant weapon {unknown}
 n - 2 scrolls of fear {unknown}
 o - a scroll of amnesia {unknown}
 p - a scroll of noise {unknown}
 t - a scroll of teleportation {unknown}
Potions
 e - a potion of mutation {unknown}
 h - a potion of degeneration {unknown}
 i - a potion of might {unknown}
 l - a potion of brilliance {unknown}
 s - 2 potions of berserk rage {unknown}
Comestibles
 c - 3 rations
 r - 13 chunks of flesh


   Skills:
 + Level 5.0 Fighting
 + Level 4.1 Axes
 + Level 4.3 Armour
 + Level 3.2 Dodging


You had 6 spell levels left.
You didn't know any spells.
Your spell library was empty.

Dungeon Overview and Level Annotations

Branches:
Dungeon (4/15)             Temple (0/1) D:4

Altars:

Shops:
D:4 (


Innate Abilities, Weirdness & Mutations

You are resistant to torment.
Your stone body is resilient. (AC +4)
You are immune to poison.
You resist negative energy. (rN+)
You are resistant to electric shocks. (rElec)
You can survive without breathing.
You are immune to petrification.
You are immune to rotting.


Message History

An ogre is nearby!
The ogre hits you with a +0 giant spiked club!
You barely miss the ogre.
The ogre hits you with a +0 giant spiked club!
* * * LOW HITPOINT WARNING * * *
You are too injured to fight recklessly!
You are too injured to fight recklessly!
You are too injured to fight recklessly!
You are too injured to fight recklessly!
You are too injured to fight recklessly!
You are too injured to fight recklessly!
You are too injured to fight recklessly!
You are too injured to fight recklessly!
You are too injured to fight recklessly!
A red film seems to cover your vision as you go berserk!
You feel yourself moving faster!
You feel mighty!
You are feeling very hungry.
You closely miss the ogre.
The ogre hits you with a +0 giant spiked club!
You die...

#........#
##.####...##.#.# ###
#............#.# ##.#
.. #.#...##.#≈####.#.
#..##.#............###
#............######.#.
#.##.##.###### ##..
#.##.##.# #.#
#....@..######### #..
####O####.......# #.#
..... #.......# #..
###.#. #.......# #..
#.#. #.....<.# #.#
..#.##.......# #..
#.##..........# #..
.##.##..#.......# #..
........##.####.# ##.


You could see an ogre.

Vanquished Creatures
  A sky beast (D:4)
  An ogre (D:4)
  A howler monkey (D:4)
  A quasit (D:4)
  An orc priest (D:4)
  2 orc wizards (D:4)
  A killer bee zombie (D:2)
  An adder (D:3)
  2 oozes
  A worm (D:2)
  5 dart slugs
  A leopard gecko (D:2)
  7 orcs (D:4)
  2 giant cockroaches
  4 goblins
  6 hobgoblins
  A quokka (D:2)
  9 bats
  5 frilled lizards
  7 kobolds
  8 rats
67 creatures vanquished.

Notes
Turn   | Place    | Note
-------+----------+-------------------------------------------
     0 | D:1      | Fang the Gargoyle Berserker began the quest for the Orb.
     0 | D:1      | Reached XP level 1. HP: 14/14 MP: 1/1
   247 | D:1      | Reached XP level 2. HP: 19/19 MP: 2/2
   368 | D:1      | Reached XP level 3. HP: 16/23 MP: 3/3
   371 | D:1      | Reached ** piety under Trog
  1129 | D:2      | Reached XP level 4. HP: 12/29 MP: 4/4
  1387 | D:2      | Reached skill level 4 in Fighting
  2537 | D:4      | Found a staircase to the Ecumenical Temple.
  2548 | D:4      | Noticed an ogre
  2554 | D:4      | Killed an ogre
  2554 | D:4      | Reached XP level 5. HP: 34/34 MP: 5/5
  2667 | D:4      | Reached XP level 6. HP: 39/39 MP: 6/6
  2757 | D:4      | Reached *** piety under Trog
  2777 | D:4      | Found Luiniac's Antique Weapon Emporium.
  2835 | D:4      | Noticed a sky beast
  2839 | D:4      | Killed a sky beast
  2839 | D:4      | Reached skill level 5 in Fighting
  2839 | D:4      | Reached XP level 7. HP: 41/44 MP: 7/7
  2854 | D:4      | Slain by an ogre

Skill      XL: |  1  2  3  4  5  6 |
---------------+-------------------+-----
Axes           | 3 4 |  4.1
Dodging        | 2 3 |  3.2
Armour         | 3 4 |  4.3
Fighting       | 4 5 |  5.0

Action                   |  1- 3 |  4- 6 |  7- 9 || total
-------------------------+-------+-------+-------++-------
Melee: Hand axe          |    96 |    67 |       ||   163
       War axe           |       |    65 |     2 ||    67
Invok: Berserk           |     2 |     1 |     1 ||     4
  Eat: Chunk             |     2 |     7 |       ||     9
Armor: Animal skin       |    44 |     2 |       ||    46
       Chain mail        |       |   121 |       ||   121
Dodge: Dodged            |    73 |   114 |       ||   187
